 Dungeon Crawl Stone Soup version 0.26.1-2-gb8aa6d0cf2 (webtiles) character file.

Game seed: 3669595837821784638

39 raph the Digger (level 3, -10/19 HPs)
             Began as a Deep Elf Earth Elementalist on Mar 27, 2021.
             Killed from afar by Sigmund (12 damage)
             ... with a puff of flame
             ... on level 2 of the Dungeon.
             The game lasted 00:02:16 (1684 turns).

raph the Digger (Deep Elf Earth Elementalist)       Turns: 1684, Time: 00:02:17

Health: -10/19     AC:  3    Str:  5    XL:     3   Next: 28%
Magic:  10/10      EV: 27    Int: 20    God:
Gold:   33         SH:  0    Dex: 15    Spells: 6/9 levels left

rFire    . . .     SeeInvis .   a - +0 short sword
rCold    . . .     Faith    .   (no shield)
rNeg     . . .     Spirit   .   q - +0 leather armour
rPois    .         Reflect  .   (no helmet)
rElec    .         Harm     .   (no cloak)
rCorr    .         Rampage  .   (no gloves)
Will     .....                  (no boots)
Stlth    ++........             k - amulet of the acrobat
HPRegen  0.06/turn              (no ring)
MPRegen  0.12/turn              (no ring)

@: acrobat
A: no striking features
a: no special abilities


You were on level 2 of the Dungeon.
You visited 1 branch of the dungeon, and saw 2 of its levels.

You collected 33 gold pieces.

Inventory:

Hand Weapons
 a - a +0 short sword (weapon)
Missiles
 b - 17 stones
Armour
 c - a +0 robe
 q - a +0 leather armour (worn)
Jewellery
 k - an amulet of the acrobat (around neck)
Scrolls
 d - a scroll of enchant weapon {unknown}
 e - 2 scrolls of amnesia {unknown}
 g - a scroll of remove curse {unknown}
 i - a scroll of random uselessness {unknown}
 n - 2 scrolls of identify {unknown}
 o - a scroll of magic mapping {unknown}
Potions
 f - a potion of heal wounds {unknown}
 h - a potion of degeneration {unknown}
 j - 2 potions of lignification {unknown}
 l - a potion of curing {unknown}
 m - a potion of invisibility {unknown}
 p - a potion of berserk rage {unknown}


   Skills:
 + Level 3.0 Dodging
 + Level 3.0 Stealth
 + Level 3.5 Spellcasting
 - Level 1.1 Transmutations
 * Level 4.0 Earth Magic


You had 6 spell levels left.
You knew the following spells:

 Your Spells              Type           Power        Failure   Level
a - Sandblast             Erth           38%          4%          1
b - Passwall              Tmut/Erth      10%          12%         2

Your spell library contained the following spells:

 Spells                   Type           Power        Failure   Level
 Stone Arrow              Conj/Erth      22%          30%         3
 Petrify                  Tmut/Erth      13%          61%         4
 Lee's Rapid Deconstruct  Erth           9%           77%         5


Dungeon Overview and Level Annotations

Branches:
Dungeon (2/15)

Altars:

Annotations:
D:2 Sigmund


Message History

You kill the kobold!
The jackal bites you but does no damage.
Your Dodging skill increases to level 3!
You barely miss the jackal. The jackal bites you.
The jackal closely misses you. x2; The jackal barely misses you.
The jackal misses you.
The giant cockroach waves its antennae.
Found 10 gold pieces.
The jackal completely misses you. x2
Found a stone staircase leading down.
Sigmund and a dart slug come into view.
Sigmund is wielding a +1 scythe of protection and carrying a wand of flame (23).
A hobgoblin comes into view. It is wielding a +0 club.
The jackal barely misses you.
The hobgoblin moves out of view.
Sigmund zaps a wand.
The puff of flame hits you!
Ouch! That really hurt!
* * * LOW HITPOINT WARNING * * *
Sigmund zaps a wand.
The puff of flame hits you!
Ouch! That really hurt!
You die...

...........
##.########
...........
#.w#.......
.....######
#..#$.....$
....## ###
#B......... ....
##.........
.....###.hS?.....
........hh.......
#..@.............
#w.......@.......
+...######.......
### .......
..>.... ##+####


You could see Sigmund, a worm, an adder, 3 jackals and a giant cockroach.

Vanquished Creatures
  An adder (D:2)
  A worm (D:2)
  2 dart slugs (D:1)
  A giant cockroach (D:2)
  2 goblins
  3 hobgoblins (D:1)
  6 kobolds
  A ball python (D:2)
  2 bats (D:1)
  3 frilled lizards
  4 rats (D:1)
26 creatures vanquished.

Notes
Turn   | Place    | Note
-------+----------+-------------------------------------------
     0 | D:1      | raph the Deep Elf Earth Elementalist began the quest for
                  | the Orb.
     0 | D:1      | Reached XP level 1. HP: 10/10 MP: 6/6
   582 | D:1      | Reached XP level 2. HP: 15/15 MP: 6/8
  1449 | D:2      | Learned a level 2 spell: Passwall
  1514 | D:2      | Reached XP level 3. HP: 14/19 MP: 7/10
  1518 | D:2      | Reached skill level 4 in Earth Magic
  1681 | D:2      | Noticed Sigmund
  1684 | D:2      | Killed from afar by Sigmund

Illustrated notes

Levels and vault maps discovered:
D:1:      moated_graveyard_arrival, layout_basic, minmay_misc_feat_chi,
          chequers_arboretum
D:2:      layout_basic, kennysheep_generic_room_7, uniq_sigmund

Skill      XL: |  1  2  3 |
---------------+----------+-----
Stealth        | 3 |  3.0
Earth Magic    | 4 |  4.0
Dodging        | 3 |  3.0
Spellcasting   | |  3.5
Transmutations | |  1.1

Action                   || total
-------------------------++-------
Melee: Unarmed           ||     3
       Short sword       ||     7
 Cast: Sandblast         ||    36
Armor: Robe              ||     3
       Leather armour    ||     3
Dodge: Dodged            ||    36
